 Dungeon Crawl Stone Soup version 0.21-a0-440-g28109cb (webtiles) character file.

580 anthix the Conjurer (level 7, -5/36 HPs)
             Began as a Deep Elf Conjurer on Nov 10, 2017.
             Shot with an arrow by a centaur (13 damage)
             ... on level 3 of the Dungeon.
             The game lasted 00:26:28 (4861 turns).

anthix the Conjurer (Deep Elf Conjurer)             Turns: 4861, Time: 00:26:29

Health: -5/36      AC:  4    Str:  6    XL:     7   Next: 13%
Magic:  11/15      EV: 14    Int: 21    God:
Gold:   120        SH:  0    Dex: 15    Spells: 1/15 levels left

rFire    + . .     SeeInvis .   m - +2 dagger (freeze)
rCold    . . .     Gourm    .   (no shield)
rNeg     . . .     Faith    .   a - +0 robe
rPois    .         Spirit   .   u - +0 helmet
rElec    .         Reflect  .   (no cloak)
rCorr    .         Harm     .   (no gloves)
MR       .....                  i - +0 pair of boots
Stlth    +++.......             j - amulet of rage
HPRegen  0.12/turn              y - ring of protection from fire
MPRegen  0.14/turn              (no ring)

@: no status effects
A: no striking features
a: Evoke Berserk Rage


You were on level 3 of the Dungeon.
You were not hungry.

You visited 2 branches of the dungeon, and saw 5 of its levels.

You collected 120 gold pieces.

Inventory:

Hand Weapons
 m - a +2 dagger of freezing (weapon)
 o - a +0 hunting sling
Missiles
 p - 131 stones (quivered)
 r - 21 sling bullets
Armour
 a - a +0 robe (worn)
 i - a +0 pair of boots (worn)
 u - a +0 helmet (worn)
Jewellery
 j - an amulet of rage (around neck)
 y - a ring of protection from fire (left hand)
Wands
 v - a wand of polymorph (14/24)
 w - a wand of flame (17/48)
Scrolls
 e - a scroll of immolation {unknown}
 g - 4 scrolls of magic mapping {unknown}
 h - 2 scrolls of teleportation {unknown}
 k - 4 scrolls of remove curse {unknown}
 l - 3 scrolls of identify {unknown}
 n - a scroll of amnesia {unknown}
 q - a scroll of enchant weapon {unknown}
 t - 4 scrolls of recharging {unknown}
 x - a scroll of random uselessness {unknown}
Potions
 d - a potion of might {unknown}
 f - a potion of cancellation {unknown}
Books
 b - a book of Conjurations

   Spells                             Type                      Level
   a - Magic Dart                     Conjuration                  1
   b - Searing Ray                    Conjuration                  2
   c - Dazzling Spray                 Conjuration/Hexes            3
   d - Fulminant Prism                Conjuration/Hexes            4
   e - Force Lance                    Conjuration/Translocation    4
   f - Iskenderun's Mystic Blast      Conjuration                  4
Comestibles
 c - 2 bread rations
 s - 11 chunks of flesh
 z - a royal jelly


   Skills:
 + Level 1.4 Short Blades
 + Level 3.7 Dodging
 * Level 4.9 Stealth
 + Level 4.6 Spellcasting
 * Level 6.4 Conjurations
 * Level 3.7 Hexes
 + Level 1.3 Evocations


You had one spell level left.
You knew the following spells:

 Your Spells              Type           Power        Failure   Level  Hunger
a - Magic Dart            Conj           ####         1%          1    None
b - Searing Ray           Conj           ####..       1%          2    #......
c - Dazzling Spray        Conj/Hex       ####..       4%          3    ##.....
d - Iskenderun's Mystic   Conj           ####....     8%          4    ####...
e - Fulminant Prism       Conj/Hex       ####......   14%         4    ####...


Dungeon Overview and Level Annotations

Branches:
Dungeon (4/15)             Temple (1/1) D:4

Altars:
Cheibriados
Elyvilon
Gozag
Kikubaaqudgha
Nemelex Xobeh
Okawaru
Qazlal
Ru
Sif Muna
Trog
Uskayaw
Wu Jian
Xom
Yredelemnul
Zin
The Shining One

Annotations:
D:4 Natasha


Message History

You see here a bat corpse.
You butcher the bat corpse.
s - 11 chunks of flesh (gained 1)
A centaur comes into view.
The centaur shouts!
The centaur wields a shortbow.
The centaur shoots an arrow.
The arrow hits you.
You see here an arrow.
The centaur shoots an arrow.
The arrow hits you!
You see here an arrow.
Casting: Magic Dart
Confirm with . or Enter, or press ? or * to list all spells.
Aiming: Iskenderun's Mystic Blast
Press: ? - help, Shift-Dir - straight line, f - centaur
Aim: a centaur, wielding a shortbow The orb of energy hits the centaur.
The centaur is moderately wounded.
The orb of energy explodes!
The centaur shoots an arrow.
The arrow hits you!
* * * LOW HITPOINT WARNING * * *
The centaur shoots an arrow.
The arrow hits you!
You die...

#..#.######.##.##.#
#).#.....##.#.#.#.#
#..#####.##..###..#
#...........## ##.#
##.#####.#...###.##
.)...........#.## .#
######.#.###.##
...### #.#.# ###
.#....###@#.#
.c.._...#.#.#
....%..(#.#.#######.
........c.#......#>.
....⌠.....#########.
..........#
#.......###
#..._...# ###....##


You could see a centaur.

Vanquished Creatures
  An ogre (D:4)
  A centaur zombie (D:2)
  3 hounds (D:4)
  An orc priest (D:4)
  2 orc wizards (D:4)
  Robin (D:4)
  7 adders
  6 gnolls
  An adder skeleton (D:4)
  6 worms
  3 dart slugs
  3 leopard geckos
  12 orcs
  2 ball pythons
  6 bats
  4 giant cockroaches
  21 goblins
  11 hobgoblins
  13 jackals
  4 kobolds (D:2)
  A quokka (D:4)
  8 frilled lizards
  A quokka skeleton (D:4)
  10 rats
128 creatures vanquished.

Vanquished Creatures (others)
  A fulminant prism (D:4)
1 creature vanquished.

Grand Total: 129 creatures vanquished

Notes
Turn   | Place    | Note
-------+----------+-------------------------------------------
     0 | D:1      | anthix the Deep Elf Conjurer began the quest for the Orb.
     0 | D:1      | Reached XP level 1. HP: 10/10 MP: 6/6
   205 | D:1      | Reached XP level 2. HP: 15/15 MP: 5/8
   243 | D:1      | Learned a level 2 spell: Searing Ray
   415 | D:1      | Reached skill level 5 in Conjurations
   580 | D:1      | Reached XP level 3. HP: 19/19 MP: 6/9
   726 | D:1      | Learned a level 3 spell: Dazzling Spray
  1015 | D:1      | Reached XP level 4. HP: 18/24 MP: 3/11
  1093 | D:1      | Learned a level 4 spell: Iskenderun's Mystic Blast
  1540 | D:2      | Reached skill level 1 in Hexes
  2030 | D:2      | Reached XP level 5. HP: 24/28 MP: 10/13
  3113 | D:4      | Reached skill level 6 in Conjurations
  3197 | D:4      | Noticed an ogre
  3200 | D:4      | Reached XP level 6. HP: 32/32 MP: 3/14
  3200 | D:4      | Reached skill level 1 in Short Blades
  3382 | D:4      | Reached skill level 1 in Evocations
  3598 | D:4      | Noticed Robin
  3601 | D:4      | Killed Robin
  3898 | D:4      | Reached XP level 7. HP: 31/36 MP: 9/15
  3949 | D:4      | Learned a level 4 spell: Fulminant Prism
  4041 | D:4      | Found a staircase to the Ecumenical Temple.
  4058 | D:4      | Noticed Natasha
  4203 | Temple   | Entered the Ecumenical Temple
  4847 | D:3      | Found an ancient bone altar of Kikubaaqudgha.
  4851 | D:3      | Found an iron altar of Okawaru.
  4861 | D:3      | Shot with an arrow by a centaur

Vault maps used:
D:1:      tarquinn_simple_flora_water_f, hangedman_decor_opposing,
          palyth_stone_intersect
D:2:      first_bread, minmay_misc_feat_square, kennysheep_boxes
D:3:      nicolae_overflow_hidden_temple, grunt_temple_overflow_open
D:4:      kennysheep_goblin_castle, minmay_temple_entry_large_hall,
          serial_shops, kennysheep_little_box, nicolae_ossuary_entry_plus,
          uniq_natasha
Temple:   eino_temple_lava

Skill      XL: |  1  2  3  4  5  6 |
---------------+-------------------+-----
Conjurations   | 5 6 |  6.4
Stealth        | 3 4 |  4.9
Hexes          | 1 2 3 |  3.7
Dodging        | 3 |  3.7
Spellcasting   | 4 |  4.6
Short Blades   | 1 |  1.4
Evocations     | 1 |  1.3

Action                   |  1- 3 |  4- 6 |  7- 9 || total
-------------------------+-------+-------+-------++-------
Melee: Mace              |     5 |       |       ||     5
       Flail             |     2 |     3 |       ||     5
       Dagger            |       |    20 |     7 ||    27
 Cast: Magic Dart        |    42 |    87 |    30 ||   159
       Searing Ray       |     4 |    10 |     5 ||    19
       Iskenderun's Myst |       |     9 |     1 ||    10
       Dazzling Spray    |       |     3 |       ||     3
       Fulminant Prism   |       |       |     1 ||     1
 Stab: Sleeping          |       |     9 |     4 ||    13
       Invisible         |       |     1 |       ||     1
  Eat: Chunk             |       |    11 |     3 ||    14
Armor: Robe              |     3 |     7 |     2 ||    12
Dodge: Dodged            |    18 |    25 |     6 ||    49

Table legend:
 A = Spawn XP
 B = Non-spawn XP
 C = Spawn XP percentage of total XP
 D = Spawn monster count
 E = Non-spawn monster count
 F = Spawn count percentage of total count
 G = Total turns spent on level
                    A         B        C        D         E        F      G
               +---------+---------+-------+---------+---------+-------+---------
         Total |       0 |     829 |   0.0 |       0 |     128 |   0.0 |  4861
               +---------+---------+-------+---------+---------+-------+---------
           D:1 |       0 |      98 |   0.0 |       0 |      35 |   0.0 |  1414
           D:2 |       0 |     216 |   0.0 |       0 |      37 |   0.0 |  1638
           D:3 |       0 |      58 |   0.0 |       0 |      18 |   0.0 |   849
           D:4 |       0 |     457 |   0.0 |       0 |      38 |   0.0 |   895
               +---------+---------+-------+---------+---------+-------+---------
